 Dungeon Crawl Stone Soup version 0.18-b1-2-gd0c887e (webtiles) character file.

10761 SkaryMonk the Cruncher (level 11, -2/61 HPs)
             Began as an Octopode Venom Mage on Apr 28, 2016.
             Was a Priest of Sif Muna.
             Killed by Ozocubu's Refrigeration
             ... invoked by Fannar
              (20 damage)
             ... on level 1 of the Orcish Mines.
             The game lasted 02:24:39 (13928 turns).

SkaryMonk the Cruncher (Octopode Venom Mage)       Turns: 13928, Time: 02:24:40

Health: -2/61      AC:  1    Str:  5 (7)  XL:     11   Next: 67%
Magic:  2/14       EV: 17    Int: 21      God:    Sif Muna [***...]
Gold:   827        SH:  0    Dex: 11 (16) Spells: 5 memorised, 1 level left

rFire  + . .     SeeInvis .     f - staff of poison
rCold  . . .     Gourm    .     (no shield)
rNeg   . . .     Faith    .     (helmet restricted)
rPois  +         Spirit   .     i - amulet of magic regeneration
rElec  .         Dismiss  .     r - +3 ring of evasion
rCorr  .         Reflect  .     E - ring "Saycw" {rF+ Dex+3}
SustAt .         Harm     .     G - ring of stealth
MR     .....                    (no ring)
Stlth  ++++......               (no ring)
                                (no ring)
                                (no ring)
                                (no ring)

@: not resistant to hostile enchantments, stealthy
A: almost no armour, amphibious, 8 rings, constrict 8, camouflage 1,
deterioration 1, wild magic 1, gelatinous body 1
a: Channel Energy, Renounce Religion


You were on level 1 of the Orcish Mines.
You worshipped Sif Muna.
Sif Muna was most pleased with you.
You were not hungry.

You visited 3 branches of the dungeon, and saw 13 of its levels.

You collected 1002 gold pieces.
You spent 175 gold pieces at shops.

Notes
Turn   | Place    | Note
--------------------------------------------------------------
     0 | D:1      | SkaryMonk the Octopode Venom Mage began the quest for the Orb.
     0 | D:1      | Reached XP level 1. HP: 11/11 MP: 3/3
   338 | D:1      | Reached XP level 2. HP: 17/17 MP: 0/5
   394 | D:1      | Learned a level 2 spell: Cure Poison
   796 | D:1      | Reached skill level 5 in Poison Magic
   848 | D:1      | Reached XP level 3. HP: 21/21 MP: 2/6
  1368 | D:2      | Found an opulent altar of Gozag.
  2007 | D:3      | Noticed Zhenya25pyc's ghost (amateur GrFi)
  2266 | D:2      | Learned a level 3 spell: Mephitic Cloud
  2334 | D:3      | Found a white marble altar of Elyvilon.
  2403 | D:3      | Found an opulent altar of Gozag.
  2553 | D:2      | Reached XP level 4. HP: 27/27 MP: 5/7
  2739 | D:4      | Noticed a sky beast
  2840 | D:4      | Found a shadowy altar of Dithmenos.
  2840 | D:4      | Noticed a phantom
  2862 | D:4      | Noticed a giant frog
  2871 | D:4      | Killed a giant frog
  2871 | D:4      | Reached skill level 2 in Staves
  2871 | D:4      | Reached skill level 1 in Evocations
  2871 | D:4      | Reached XP level 5. HP: 31/31 MP: 2/8
  2940 | D:4      | Reached skill level 1 in Conjurations
  3194 | D:5      | Entered Level 5 of the Dungeon
  3229 | D:4      | Found an iron altar of Okawaru.
  3264 | D:4      | Noticed Sigmund
  3398 | D:4      | Killed a sky beast
  3398 | D:4      | Reached XP level 6. HP: 36/36 MP: 4/9
  3727 | D:4      | Found a sacrificial altar of Ru.
  3788 | D:4      | Gained mutation: Your body sometimes deteriorates upon taking damage. [potion of mutation]
  3788 | D:4      | Gained mutation: Your spells are a little harder to cast, but a little more powerful. [potion of mutation]
  3797 | D:4      | Killed Sigmund
  3797 | D:4      | Reached XP level 7. HP: 33/41 MP: 2/10
  3939 | D:4      | Reached skill level 3 in Staves
  4552 | D:5      | Reached skill level 4 in Staves
  4676 | D:5      | Reached XP level 8. HP: 46/46 MP: 9/11
  4684 | D:5      | Learned a level 4 spell: Olgreb's Toxic Radiance
  4720 | D:5      | Found a blossoming altar of Fedhas.
  4720 | D:5      | Found an ancient bone altar of Kikubaaqudgha.
  4796 | D:5      | Reached skill level 5 in Staves
  4987 | D:5      | Reached skill level 6 in Staves
  5563 | D:5      | Found a deep blue altar of Sif Muna.
  5563 | D:5      | Found a shimmering altar of Xom.
  5567 | D:5      | Became a worshipper of Sif Muna the Loreminder
  5681 | D:6      | Found a staircase to the Ecumenical Temple.
  5744 | D:6      | Reached skill level 7 in Staves
  6509 | D:7      | Found Fumeoman's Assorted Antiques.
  6526 | D:7      | Bought a serpentine amber ring for 175 gold pieces
  6526 | D:7      | Identified the ring "Saycw" {rF+ Dex+3} (You bought it in a shop on level 7 of the Dungeon)
  6577 | D:7      | Noticed Crazy Yiuf
  6583 | D:7      | Killed Crazy Yiuf
  6636 | D:7      | You fall through a shaft for 3 floors!
  6636 | D:10     | Entered Level 10 of the Dungeon
  6685 | D:10     | Noticed a hill giant
  6780 | D:10     | Killed a hill giant
  6780 | D:10     | Reached * piety under Sif Muna
  6780 | D:10     | Reached skill level 10 in Poison Magic
  6780 | D:10     | Reached XP level 9. HP: 32/51 MP: 1/12
  6971 | D:10     | Reached skill level 1 in Air Magic
  7000 | D:10     | Noticed a hill giant
  7026 | D:10     | Killed a hill giant
  7026 | D:10     | Reached ** piety under Sif Muna
  7301 | D:7      | Reached skill level 5 in Evocations
  7327 | D:7      | Found a stormy altar of Qazlal.
  7789 | D:8      | Noticed Psyche
  7809 | D:8      | HP: 2/51 [centaur/arrow (11)]
  8030 | D:8      | Reached skill level 5 in Dodging
  8050 | D:8      | Killed Psyche
  8050 | D:8      | Reached skill level 8 in Staves
  8050 | D:8      | Reached XP level 10. HP: 43/56 MP: 2/13
  8439 | D:8      | Found a burning altar of Makhleb.
  9105 | D:9      | Reached skill level 9 in Staves
  9306 | D:9      | Found an oddly glowing altar of Pakellas.
  9783 | D:9      | Found Leimn's Weapon Shop.
  9799 | D:9      | Found a sparkling altar of Nemelex Xobeh.
  9931 | D:9      | Found a staircase to the Lair.
 10174 | Lair:1   | Entered Level 1 of the Lair of Beasts
 10284 | Lair:1   | Reached skill level 10 in Staves
 10418 | Lair:1   | Noticed a spiny frog
 10430 | Lair:1   | Killed a spiny frog
 10483 | Lair:1   | Noticed a four-headed hydra
 10580 | D:10     | Noticed Harold
 10609 | D:10     | Killed Harold
 10609 | D:10     | Reached skill level 11 in Staves
 10609 | D:10     | Reached XP level 11. HP: 38/61 MP: 1/14
 10934 | D:10     | Noticed a hill giant
 10951 | D:10     | Killed a hill giant
 11021 | D:10     | Reached skill level 12 in Staves
 11478 | D:10     | Learned a level 3 spell: Static Discharge
 11890 | D:11     | Found Elayl's Armour Shop.
 11890 | D:11     | Found a staircase to the Orcish Mines.
 11898 | D:11     | Noticed Sonja
 11900 | D:10     | Noticed a hill giant
 11923 | D:10     | Killed a hill giant
 11923 | D:10     | Reached skill level 5 in Air Magic
 12275 | D:11     | Noticed a hill giant
 12302 | D:11     | Killed a hill giant
 12508 | D:11     | Reached *** piety under Sif Muna
 12831 | D:11     | Found a shimmering altar of Xom.
 12874 | D:11     | Found Wiyvvopn's Weapon Shop.
 13158 | Orc:1    | Entered Level 1 of the Orcish Mines
 13799 | Orc:1    | Found Icevaroa's Book Shop.
 13912 | Orc:1    | Noticed Fannar
 13928 | Orc:1    | Killed from afar by Fannar

Inventory:

Hand Weapons
 k - a +0 whip
 n - a +1 falchion of distortion
Magical Staves
 f - an uncursed staff of poison (weapon)
 q - an uncursed staff of death
 s - an uncursed staff of air
 v - an uncursed staff of energy
Jewellery
 i - an amulet of magic regeneration (around mantle)
 o - an uncursed amulet of regeneration
 r - a +3 ring of evasion (left tentacle)
 E - the ring "Saycw" (right tentacle) {rF+ Dex+3}
   (You bought it in a shop on level 7 of the Dungeon)

   [ring of protection from fire]

   It affects your dexterity (+3).
   It protects you from fire.
 G - a ring of stealth (on tentacle)
Wands
 p - a wand of iceblast (1/15)
 w - a wand of paralysis (2/24)
 y - a wand of paralysis (11/24)
 I - a wand of flame (0/48)
 L - a wand of confusion (19/48)
 Q - a wand of flame (34/48)
Scrolls
 e - 3 scrolls of amnesia
 h - a scroll of recharging
 m - a scroll of enchant armour {unknown}
 B - a scroll of immolation
 F - 5 scrolls of magic mapping
 J - a scroll of enchant weapon {unknown}
 K - a scroll of blinking {unknown}
 T - a scroll of remove curse
 U - a scroll of fog {unknown}
Potions
 c - 3 potions of agility
 d - a potion of might
 j - 2 potions of resistance
 t - a potion of cancellation
 x - 3 potions of curing
 z - 3 potions of haste
 D - a potion of brilliance
 P - a potion of heal wounds {unknown}
Books
 a - a Young Poisoner's Handbook

   Spells                             Type                      Level
   a - Sting                          Conjuration/Poison           1
   b - Cure Poison                    Poison                       2
   c - Mephitic Cloud                 Conjuration/Poison/Air       3
   d - Olgreb's Toxic Radiance        Poison                       4
   e - Venom Bolt                     Conjuration/Poison           5
 u - a Necronomicon

   Spells                             Type                      Level
   a - Haunt                          Necromancy/Summoning         7
   b - Borgnjor's Revivification      Necromancy                   8
   c - Death's Door                   Charms/Necromancy            8
   d - Necromutation                  Transmutation/Necromancy     8
 A - a book of Changes

   Spells                             Type                      Level
   a - Beastly Appendage              Transmutation                1
   b - Sticks to Snakes               Transmutation                2
   c - Spider Form                    Transmutation/Poison         3
   d - Ice Form                       Ice/Transmutation            4
   e - Blade Hands                    Transmutation                5
 N - a book of the Dragon

   Spells                             Type                      Level
   a - Flame Tongue                   Conjuration/Fire             1
   b - Cause Fear                     Hexes                        4
   c - Bolt of Fire                   Conjuration/Fire             6
   d - Dragon Form                    Transmutation                7
   e - Dragon's Call                  Summoning                    9
 O - a book of the Tempests

   Spells                             Type                      Level
   a - Static Discharge               Conjuration/Air              3
   b - Lightning Bolt                 Conjuration/Air              5
   c - Fireball                       Conjuration/Fire             5
   d - Tornado                        Air                          9
   e - Shatter                        Earth                        9
 V - a Grand Grimoire

   Spells                             Type                      Level
   a - Monstrous Menagerie            Summoning                    7
   b - Summon Greater Demon           Summoning                    7
   c - Malign Gateway                 Summoning/Translocation      7
   d - Summon Horrible Things         Summoning                    8
Miscellaneous
 l - a sack of spiders {used: 2}
Comestibles
 b - 13 bread rations
 g - 6 beef jerkies
 C - 5 fruits
 H - 10 chunks of flesh
 R - a meat ration

Table legend:
 A = Turns spent in this place as a percentage of turns spent in the entire game.
 B = Non-inter-level travel turns spent in this place as a percentage of non-inter-level travel turns spent in the entire game.
 C = Inter-level travel turns spent in this place as a percentage of turns spent in this place.
 D = Turns resting spent in this place as a percentage of non-inter-level travel turns spent in this place.
 E = Turns spent auto-exploring this place as a percentage of non-inter-level travel turns spent in this place.
 F = Non-inter-level travel turns spent in this place divided by the number of levels of this place that you've seen.
                   A       B       C       D       E      F
               +-------+-------+-------+-------+-------+----------------------
         Total | 100.0 | 100.0 |   0.7 |   4.8 |   9.7 | 279.8
       Dungeon |  92.7 |  92.6 |   0.8 |   5.1 |   9.7 | 306.3
          Lair |   4.5 |   4.5 |   0.0 |   1.8 |   4.8 | 165.0
  Orcish Mines |   2.8 |   2.8 |   0.0 |   0.0 |  15.5 | 103.0
               +-------+-------+-------+-------+-------+----------------------


   Skills:
 - Level 12.0 Staves
 - Level 5.0 Dodging
 - Level 3.0 Stealth
 - Level 2.2 Spellcasting
 - Level 3.0 Conjurations
 + Level 8.2 Air Magic
 - Level 10.1 Poison Magic
 - Level 5.0 Evocations


You had one spell level left.
You knew the following spells:

 Your Spells              Type           Power        Failure   Level  Hunger
a - Sting                 Conj/Pois      ####         1%          1    #......
b - Cure Poison           Pois           ######....   1%          2    ##.....
c - Mephitic Cloud        Conj/Pois/Air  ######..     4%          3    ###....
d - Olgreb's Toxic Radia  Pois           ######..     4%          4    #####..
e - Static Discharge      Conj/Air       ####....     8%          3    ###....


Dungeon Overview and Level Annotations

Branches:
Dungeon (11/15)            Temple (0/1) D:6            Lair (1/8) D:9
    Orc (1/2) D:11

Altars:
Dithmenos
Elyvilon
Fedhas
Gozag
Kikubaaqudgha
Makhleb
Nemelex Xobeh
Okawaru
Pakellas
Qazlal
Ru
Sif Muna
Xom

Shops:
D:7 *   D:9 (   D:11 [(   Orc:1 :

Annotations:
D:3 Zhenya25pyc's ghost, amateur GrFi
D:11 Sonja
Orc:1 Fannar


Innate Abilities, Weirdness & Mutations

You cannot wear most types of armour.
You are amphibious.
You can wear up to eight rings at the same time.
You can use your tentacles to constrict eight enemies at once.
Your skin changes colour to match your surroundings (Stealth).
Your rubbery body absorbs attacks (AC +1).
Your body sometimes deteriorates upon taking damage.
Your spells are a little harder to cast, but a little more powerful.


Message History

You feel sick. Fannar gestures at you while chanting.
The bolt of cold hits you!
Ouch! That really hurt!
* * * LOW HITPOINT WARNING * * *
Read which item? (? for menu, Esc to quit)
As you read the scroll of teleportation, it crumbles to dust.
You feel strangely unstable.
You feel sick. Fannar closely misses you.
Unknown command.
Unknown command.
Drink which item? (? for menu, Esc to quit)
You feel better.
Fannar hits you with a quarterstaff of freezing.
Fannar freezes you.
* * * LOW HITPOINT WARNING * * *
Your surroundings seem slightly different.
Fannar mumbles some strange words.
Fannar drains the heat from the surrounding environment!
You feel very cold.
You die...

#......## ### ##......#
##.## #.....## #...
##...#.## #.###.......## ##
##...#....#...# ###.###
##.....#..###..###.....##
#.........##....#.......#
..###.....#...#@......e...#
..###...............ยง....##
#...###.................###
.....#.##......>.......##
.#...................###
..##.#.....#...........##.
..#.#....................
.))..............^.....##
..).)..............#....##


You could see Fannar.

Table legend:
 A = Kills in this place as a percentage of kills in entire the game.
 B = Kills by you in this place as a percentage of kills by you in the entire game.
 C = Kills by friends in this place as a percentage of kills by friends in the entire game.
 D = Other kills in this place as a percentage of other kills in the entire game.
 E = Experience gained in this place as a percentage of experience gained in the entire game.
 F = Experience gained in this place divided by the number of levels of this place that you have seen.
                   A       B       C       D       E      F
               +-------+-------+-------+-------+-------+----------------------
         Total | 100.0 | 100.0 | 100.0 | 100.0 | 100.0 | 1182.6
       Dungeon |  92.9 |  93.3 | 100.0 |  75.0 |  85.9 | 1201.0
          Lair |   1.5 |   1.6 |   0.0 |   0.0 |   8.5 | 1313.0
  Orcish Mines |   5.6 |   5.1 |   0.0 |  25.0 |   5.5 | 850.0
               +-------+-------+-------+-------+-------+----------------------

Vanquished Creatures
  Harold (D:10)
  5 hill giants
  A spiny frog (Lair:1)
  Psyche (D:8)
  2 komodo dragons (Lair:1)
  A merfolk (D:10)
  2 trolls
  A two-headed ogre (D:9)
  Sigmund (D:4)
  A yak (D:9)
  A hungry ghost (D:8)
  A hippogriff (D:11)
  4 porcupines (D:11)
  2 water moccasins
  7 orc warriors
  A black bear (D:9)
  An ice beast (D:10)
  3 sky beasts
  A necrophage (D:7)
  6 ogres
  An eye of draining (D:10)
  A phantom (D:9)
  3 centaurs
  A big kobold (D:9)
  6 giant frogs
  A gnoll sergeant (D:9)
  A wyvern skeleton (D:7)
  2 scorpions
  7 howler monkeys
  4 crimson imps
  4 hounds
  9 orc priests
  A jelly (D:9)
  Crazy Yiuf (D:7)
  A giant frog skeleton (D:11)
  14 orc wizards
  2 iguanas
  10 worker ants
  A howler monkey zombie (D:5)
  A worker ant zombie (D:6)
  7 gnolls
  8 adders
  2 shadow imps
  An ooze (D:2)
  2 adder skeletons (D:4)
  4 worms
  2 dart slugs (D:1)
  6 giant geckos
  50 orcs
  2 ball pythons
  4 bats
  7 giant cockroaches
  7 goblins
  7 hobgoblins
  9 jackals
  7 kobolds
  4 quokkas
  A giant gecko skeleton (D:10)
  8 giant newts
  2 quokka skeletons
  9 rats
263 creatures vanquished.

Vanquished Creatures (collateral kills)
  A hippogriff (D:10)
  2 jellies (D:10)
  A quokka (D:10)
4 creatures vanquished.

Vanquished Creatures (others)
  12 plants (D:11)
12 creatures vanquished.

Grand Total: 279 creatures vanquished

Action                   |  1- 3 |  4- 6 |  7- 9 | 10-12 || total
-------------------------+-------+-------+-------+-------++-------
Melee: Unarmed           |     9 |       |       |       ||     9
       Tentacles         |     6 |     7 |    27 |    41 ||    81
       Constrict         |     4 |     9 |    31 |    32 ||    76
       Whip              |     5 |       |       |       ||     5
       Staff             |     4 |    34 |   157 |   201 ||   396
 Cast: Sting             |    76 |    76 |   156 |   233 ||   541
       Mephitic Cloud    |       |     8 |    22 |    46 ||    76
       Olgreb's Toxic Ra |       |       |     3 |    12 ||    15
       Cure Poison       |       |       |     3 |     6 ||     9
       Static Discharge  |       |       |       |     1 ||     1
Evoke: Wand              |       |       |     4 |    20 ||    24
       Sack of spiders   |       |       |       |     4 ||     4
  Use: Scroll            |     3 |     7 |     3 |     9 ||    22
       Potion            |       |     2 |       |     2 ||     4
 Stab: Confused          |       |       |     3 |    12 ||    15
       Distracted        |       |       |     1 |       ||     1
       Sleeping          |       |       |     1 |     2 ||     3
       Paralysed         |       |       |       |    16 ||    16
  Eat: Chunk             |     6 |     3 |    17 |    12 ||    38
       Pizza             |       |     1 |       |       ||     1
       Meat ration       |       |       |       |     3 ||     3
       Beef jerky        |       |       |       |     1 ||     1
Armor: Skin              |     2 |     2 |    10 |     4 ||    18
Dodge: Dodged            |    13 |    40 |   106 |   101 ||   260

Vault maps used:
D:1:      co_arrival_square_in_a_square_in_a_square,
          minmay_misc_feat_four_crosses
D:2:      lemuel_doored_altar, first_bread
D:3:      elyvilon_altar_5, lemuel_tele_altar
D:4:      nicolae_ru_awakened_eye, grunt_dithmenos_shadows, fountainhead,
          st_stairs_7, kennysheep_okawaru_gauntlet, uniq_sigmund
D:5:      grunt_temple_overflow_growth_and_decay,
          gammafunk_temple_overflow_elements
D:6:      minmay_temple_entry_hall
D:7:      grunt_qazlal_sundering, serial_shops, nicolae_shop_crystal,
          uniq_crazy_yiuf_cottage
D:8:      lightli_temple_of_fire, serial_park_tiny_1, uniq_psyche
D:9:      wad_river_or_something, johnstein_pakellas_death_squad,
          nemelex_xobeh_ov_fountains_minmay, lair_0_dummy, serial_shops,
          shop_fountains
D:10:     hangedman_fish_farm, minmay_liquid_box, uniq_harold
D:11:     wad_woods_stonehenge, orc_david_3, uniq_sonja
Orc:1:    serial_shops, shop, uniq_fannar
